 Dungeon Crawl Stone Soup version 0.29.1-15-g9cfb28693d (webtiles) character file.

Game seed: 239720685311342783

528649 javelincjr the Crack Shot (level 25, -3/200 (202) HPs)
             Began as a Gnoll Summoner on Apr 12, 2023.
             Was a High Priest of Ashenzari.
             Slain by a dread lich (5 damage)
             ... while petrified by an ancient lich
             ... on level 1 of the Realm of Zot on Apr 17, 2023.
             The game lasted 10:48:47 (79171 turns).

javelincjr the Crack Shot (Gnoll Summoner)         Turns: 79171, Time: 10:48:48

HP:   -3/200 (202)  AC: 21    Str: 12    XL:     25   Next: 55%
MP:   16/54         EV:  2    Int: 38    God:    Ashenzari [*****.]
Gold: 6496          SH:  0    Dex: 19    Spells: 2/60 levels left

rFire   + . .      SeeInvis +   Y - +11 scimitar of Ashenzari's Secrets {spect, Fragile rN+ Int+7, Cun, Comp} (curse)
rCold   + + .      Faith    .   A - +3 kite shield "Cryptic Sorrow" {rC+, Cun, Comp} (curse)
rNeg    + + +      Spirit   .   q - +1 faerie dragon scales {Regen+ rCorr Stlth+}
rPois   ∞          Reflect  +   O - +2 helmet of the Eternal Sky {SInv, Range, Comp} (curse)
rElec   .          Harm     .   o - scarf of the Eternal Adversity {shadows, Elem, Alch} (curse)
rCorr   +          Rampage  .   C - +2 pair of gloves of Ashenzari's Fetters {Bglg, Melee} (curse)
Will    +....      Clarity  +   F - +0 pair of boots of the Perceptive Boredom {Bglg, Evo} (curse)
Stlth   +++++++++.              H - amulet "Ensconced Visionary" {Reflect SH+5, Alch, Comp} (curse)
HPRegen 1.23/turn               R - ring of the Jackalope {Wiz Slay+3}
MPRegen 0.34/turn               a - ring of Cremastomancy {MP+9 Int+9 Dex+6 Slay-4, Cun, Comp} (curse)

@: petrified, studying 4 skills, lightly drained
A: fangs 1, strong nose, distributed training, cold resistance 1, fire
resistance 1, MP-powered wands
}: 3/15 runes: serpentine, barnacled, slimy
a: Renounce Religion, Curse Item, Shatter the Chains


You were on level 1 of the Realm of Zot.
You worshipped Ashenzari.
Ashenzari was extremely pleased with you.
You visited 13 branches of the dungeon, and saw 51 of its levels.
You visited 1 bazaar.
You also visited: Gauntlet, Ice Cave and Volcano.

You collected 6824 gold pieces.
You spent 328 gold pieces at shops.

Inventory:

Hand Weapons
 V - the +10 quarterstaff "Transmigrator" {freeze, rF+ rN+++ rCorr Int-2}
   (You found it on level 5 of the Pits of Slime)

   It freezes those it strikes, dealing additional cold damage.
   It can also slow down cold-blooded creatures.
   Int:       It affects your intelligence (-2).
   rF:        It protects you from fire.
   rN:        It renders you almost immune to negative energy.
   rCorr:     It protects you from acid and corrosion.
 Y - the cursed +11 scimitar of Ashenzari's Secrets (weapon) {spect, Fragile rN+ Int+7, Cun, Comp}
   (You took it off a deep elf archer on level 3 of the Elven Halls)

   When its wielder attacks, the weapon's spirit leaps out and strikes again.
   The spirit shares a part of any damage it takes with its wielder.
   Int:       It affects your intelligence (+7).
   rN:        It protects you from negative energy.
   Fragile:   It will be destroyed if unequipped.
   It has a curse which improves the following skills: Cunning: Dodging and
   Stealth.
   Companions: Summonings and Necromancy.
Armour
 d - the +0 pair of boots of the Volcano {rElec rPois rN++ Dex-3}
   (You found it on level 5 of the Pits of Slime)

   Dex:       It affects your dexterity (-3).
   rElec:     It insulates you from electricity.
   rPois:     It protects you from poison.
   rN:        It greatly protects you from negative energy.
 o - the cursed scarf of the Eternal Adversity (worn) {shadows, Elem, Alch}
   (You found it on level 2 of the Dungeon)

   It has a curse which improves the following skills: Elements: Fire Magic, Ice
   Magic, Air Magic and Earth Magic.
   Alchemy:   Poison Magic and Transmutations.
 q - the +1 faerie dragon scales (worn) {Regen+ rCorr Stlth+}
   (You took it off the Enchantress on level 1 of the Depths)

   Regen:     It increases your rate of health regeneration.
   rCorr:     It protects you from acid and corrosion.
   Stlth:     It makes you more stealthy.
 A - the cursed +3 kite shield "Cryptic Sorrow" (worn) {rC+, Cun, Comp}
   (You took it off a tengu warrior on level 14 of the Dungeon)

   It has a curse which improves the following skills: Cunning: Dodging and
   Stealth.
   Companions: Summonings and Necromancy.
 C - the cursed +2 pair of gloves of Ashenzari's Fetters (worn) {Bglg, Melee}
   (You bought it in a shop on level 6 of the Dungeon)

   It has a curse which improves the following skills: Beguiling: Conjurations,
   Hexes and Translocations.
   Melee Combat: Short Blades, Long Blades, Axes, Maces & Flails, Polearms,
   Staves and Unarmed Combat.
 F - the cursed +0 pair of boots of the Perceptive Boredom (worn) {Bglg, Evo}
   (You found it on level 4 of the Shoals)

   It has a curse which improves the following skills: Beguiling: Conjurations,
   Hexes and Translocations.
   Evocations: Evocations.
 O - the cursed +2 helmet of the Eternal Sky (worn) {SInv, Range, Comp}
   (You found it in a Gauntlet)

   It has a curse which improves the following skills: Ranged Combat: Ranged
   Weapons and Throwing.
   Companions: Summonings and Necromancy.
Jewellery
 a - the cursed ring of Cremastomancy (right hand) {MP+9 Int+9 Dex+6 Slay-4, Cun, Comp}
   (You acquired it in the Ecumenical Temple)

   [ring of dexterity]

   Int:       It affects your intelligence (+9).
   Dex:       It affects your dexterity (+6).
   Slay:      It affects your accuracy & damage with ranged weapons and melee
   (-4).
   MP:        It affects your magic capacity (+9).
   It has a curse which improves the following skills: Cunning: Dodging and
   Stealth.
   Companions: Summonings and Necromancy.
 H - the cursed amulet "Ensconced Visionary" (around neck) {Reflect SH+5, Alch, Comp}
   (You found it on level 6 of the Dungeon)

   [amulet of reflection]

   It reflects blocked missile attacks.
   SH:        It affects your SH (+5).
   It has a curse which improves the following skills: Alchemy: Poison Magic and
   Transmutations.
   Companions: Summonings and Necromancy.
 R - the ring of the Jackalope (left hand) {Wiz Slay+3}
   (You found it on level 5 of the Pits of Slime)

   [ring of wizardry]

   It improves your spell success rate.
   Slay:      It affects your accuracy & damage with ranged weapons and melee
   (+3).
 S - the ring "Cuec" {rC+ Will- rCorr SInv}
   (You found it on level 5 of the Pits of Slime)

   [ring of protection from cold]

   rC:        It protects you from cold.
   SInv:      It lets you see invisible.
   rCorr:     It protects you from acid and corrosion.
   Will:      It decreases your willpower.
 T - the ring "Veirung" {Fly rC+ Str+3}
   (You found it on level 3 of the Depths)

   [ring of flight]

   Str:       It affects your strength (+3).
   rC:        It protects you from cold.
   Fly:       It grants you flight.
Wands
 i - a wand of roots (25)
 k - a wand of light (5)
 p - a wand of flame (86)
 w - a wand of paralysis (33)
 x - a wand of polymorph (18)
 B - a wand of digging (20)
 P - a wand of mindburst (63)
Scrolls
 f - 5 scrolls of amnesia
 h - 8 scrolls of butterflies
 m - 22 scrolls of teleportation
 n - a scroll of blinking
 s - 4 scrolls of brand weapon
 t - 4 scrolls of enchant weapon
 K - 3 scrolls of fear
 M - 8 scrolls of magic mapping
 N - 2 scrolls of silence
 U - 2 scrolls of summoning
 X - 8 scrolls of enchant armour
Potions
 b - 3 potions of magic
 g - 18 potions of curing
 j - 6 potions of lignification
 l - 8 potions of brilliance
 r - 4 potions of berserk rage
 u - 2 potions of cancellation
 v - 9 potions of heal wounds
 z - 11 potions of might
 D - 5 potions of haste
 E - 2 potions of ambrosia
 G - a potion of invisibility
 I - 9 potions of flight
 Q - 18 potions of mutation
 Z - 5 potions of resistance
Miscellaneous
 c - a phantom mirror
 e - a tin of tremorstones (2/2)
 y - a condenser vane
 J - a lightning rod (4/4)
 L - a box of beasts
 W - a phial of floods


   Skills:
 + Level 17.6 Fighting
 + Level 20.6(22.6) Short Blades
 + Level 17.6(19.7) Long Blades
 + Level 17.6(19.7) Axes
 + Level 17.6(19.7) Maces & Flails
 + Level 17.6(19.7) Polearms
 + Level 17.6(19.7) Staves
 + Level 21.2(23.2) Ranged Weapons
 + Level 17.6(19.7) Throwing
 + Level 17.6 Armour
 + Level 18.1(22.4) Dodging
 + Level 18.0(22.3) Stealth
 + Level 17.6 Shields
 + Level 17.6(19.7) Unarmed Combat
 + Level 18.2 Spellcasting
 + Level 15.0(18.3) Conjurations
 + Level 15.0(18.3) Hexes
 + Level 16.4(22.7) Summonings
 + Level 15.0(21.3) Necromancy
 + Level 15.0(18.3) Translocations
 + Level 18.8(22.0) Transmutations
 + Level 15.0(17.2) Fire Magic
 + Level 15.0(17.2) Ice Magic
 + Level 18.7(20.8) Air Magic
 + Level 15.0(17.2) Earth Magic
 + Level 15.0(18.3) Poison Magic
 + Level 19.1 Invocations
 + Level 17.6(19.7) Evocations


You had 2 spell levels left.
You knew the following spells:

 Your Spells              Type           Power      Damage    Failure   Level
a - Summon Small Mammal   Summ           100%       N/A       0%          1
b - Call Imp              Summ           100%       N/A       0%          2
c - Ignition              Fire           52%        3d15      4%          8
e - Summon Lightning Spi  Summ/Air       100%       N/A       0%          4
f - Passwall              Tmut/Erth      92%        N/A       0%          2
g - Iron Shot             Conj/Erth      53%        9d10      1%          6
h - Spellforged Servitor  Conj/Summ      56%        N/A       1%          7
i - Monstrous Menagerie   Summ           59%        N/A       1%          7
j - Lehudib's Crystal Sp  Conj/Erth      53%        10d12     3%          8
k - Haunt                 Necr/Summ      58%        N/A       1%          7
l - Simulacrum            Ice/Necr       55%        N/A       1%          6

Your spell library contained the following spells:

 Spells                   Type           Power      Damage    Failure   Level
 Apportation              Tloc           100%       N/A       0%          1
 Foxfire                  Conj/Fire      100%       2x1d9     0%          1
 Magic Dart               Conj           100%       1d8       0%          1
 Necrotise                Necr           100%       1d9       0%          1
 Sting                    Tmut/Pois      100%       1d8       0%          1
 Ensorcelled Hibernation  Hex/Ice        100%       N/A       0%          2
 Poisonous Vapours        Pois/Air       100%       N/A       0%          2
 Searing Ray              Conj           100%       2d8       0%          2
 Static Discharge         Conj/Air       100%       3-16/arc  0%          2
 Sublimation of Blood     Necr           100%       N/A       0%          2
 Wereblood                Tmut           100%       N/A       0%          2
 Call Canine Familiar     Summ           100%       N/A       0%          3
 Conjure Flame            Conj/Fire      100%       6-21      0%          3
 Dazzling Flash           Conj/Hex       100%       N/A       0%          3
 Frozen Ramparts          Ice            100%       1d16      0%          3
 Gell's Gravitas          Tloc           100%       N/A       0%          3
 Inner Flame              Hex/Fire       100%       N/A       0%          3
 Ozocubu's Armour         Ice            100%       N/A       0%          3
 Portal Projectile        Hex/Tloc       100%       N/A       0%          3
 Spider Form              Tmut/Pois      100%       N/A       0%          3
 Stone Arrow              Conj/Erth      100%       3d13      0%          3
 Summon Guardian Golem    Hex/Summ       100%       N/A       0%          3
 Swiftness                Air            100%       N/A       0%          3
 Teleport Other           Tloc           100%       N/A       0%          3
 Tukima's Dance           Hex            100%       N/A       0%          3
 Vampiric Draining        Necr           100%       2d13      0%          3
 Anguish                  Hex/Necr       55%        N/A       0%          4
 Animate Armour           Summ/Erth      100%       N/A       0%          4
 Cause Fear               Hex            54%        N/A       0%          4
 Corpse Rot               Necr/Pois/Air  100%       N/A       0%          4
 Dispel Undead            Necr           100%       3d31      0%          4
 Flame Wave               Conj/Fire      100%       2d21      0%          4
 Fulminant Prism          Conj/Hex       54%        3d23      0%          4
 Hailstorm                Conj/Ice       100%       3d20      0%          4
 Ice Form                 Ice/Tmut       100%       N/A       0%          4
 Iskenderun's Mystic Bla  Conj/Tloc      100%       2d19      0%          4
 Olgreb's Toxic Radiance  Pois           100%       N/A       0%          4
 Passage of Golubria      Tloc           100%       N/A       0%          4
 Petrify                  Tmut/Erth      100%       N/A       0%          4
 Sticky Flame             Conj/Fire      100%       2d11      0%          4
 Summon Ice Beast         Ice/Summ       100%       N/A       0%          4
 Agony                    Necr           100%       N/A       0%          5
 Alistair's Intoxication  Tmut/Pois      74%        N/A       0%          5
 Blade Hands              Tmut           58%        N/A       0%          5
 Freezing Cloud           Conj/Ice/Air   54%        6-21      0%          5
 Irradiate                Conj/Tmut      56%        3d30      0%          5
 Lightning Bolt           Conj/Air       55%        1d77      0%          5
 Silence                  Hex/Air        55%        N/A       0%          5
 Summon Forest            Summ/Tloc      56%        N/A       0%          5
 Summon Mana Viper        Hex/Summ       100%       N/A       0%          5
 Fireball                 Conj/Fire      53%        3d21      1%          5
 Iskenderun's Battlesphe  Conj           100%       2d15      1%          5
 Lee's Rapid Deconstruct  Erth           52%        3d26*     1%          5
 Metabolic Englaciation   Hex/Ice        53%        N/A       1%          5
 Conjure Ball Lightning   Conj/Air       55%        3x3d20    1%          6
 Death Channel            Necr           57%        N/A       1%          6
 Dispersal                Tloc           54%        N/A       1%          6
 Eringya's Noxious Bog    Tmut/Pois      56%        N/A       1%          6
 Statue Form              Tmut/Erth      74%        N/A       1%          6
 Dragon Form              Tmut           58%        N/A       1%          7
 Enfeeble                 Hex            54%        N/A       1%          7
 Malign Gateway           Summ/Tloc      56%        N/A       1%          7
 Orb of Destruction       Conj           54%        9d14      1%          7
 Ozocubu's Refrigeration  Ice            52%        4d19      1%          7
 Storm Form               Tmut/Air       57%        N/A       1%          7
 Summon Hydra             Summ           59%        N/A       1%          7
 Discord                  Hex            54%        N/A       2%          8
 Disjunction              Tloc           54%        N/A       2%          8
 Dragon's Call            Summ           59%        N/A       6%          9
 Polar Vortex             Ice            52%        N/A       50%         9


Dungeon Overview and Level Annotations

Branches:
Dungeon (15/15)            Temple (1/1) D:7            Lair (5/5) D:9
 Shoals (4/4) Lair:2        Snake (4/4) Lair:3        Slime (5/5) Lair:5
    Orc (2/2) D:9             Elf (3/3) Orc:2        Vaults (3/5) D:13
  Crypt (3/3) Vaults:2       Tomb (1/3) Crypt:3      Depths (4/4) D:15
    Zot (1/5) Depths:4      IceCv (visited)         Volcano (visited)
Gauntlet (visited)

Altars:
Ashenzari
Cheibriados
Dithmenos
Elyvilon
Fedhas
Gozag
Hepliaklqana
Kikubaaqudgha
Makhleb
Nemelex Xobeh
Okawaru
Qazlal
Ru
Sif Muna
Trog
Uskayaw
Vehumet
Wu Jian
Xom
Yredelemnul
Zin
The Shining One
Jiyva

Shops:
D:6 [   Orc:2 (([*[   Shoals:3 (   Shoals:4 [   Snake:2 *[   Snake:3 =!(*
Vaults:1 =   Depths:2 =:=   Depths:4 **

Portals:
Hell: Depths:1 Depths:2 Depths:3 Depths:4
Abyss: Depths:2 Depths:3
Pandemonium: Depths:2 Depths:3
Ziggurat: Depths:2

Annotations:
Snake:2 2 transporters
Vaults:3 Bai Suzhen, Margery


Innate Abilities, Weirdness & Mutations

You have very sharp teeth.
Your uncanny sense of smell can sniff out nearby items.
Your experience applies equally to all skills.
Your flesh is cold resistant. (rC+)
Your flesh is heat resistant. (rF+)
You expend magic power (3 MP) to strengthen your wands.


Message History

The Executioner hits you.
* * * LOW HITPOINT WARNING * * *
The Executioner barely misses you.
The Executioner hits you but does no damage.
The purple draconian shifter mumbles some strange words.
The purple draconian shifter blinks!
The dread lich casts a spell.
The dread lich flickers and vanishes for a moment.
The dread lich closely misses your wraith.
The hellion hits your wraith but does no damage.
Your wraith hits the Executioner. The electric golem hits your wraith.
The electric golem shocks your wraith!!
Your wraith is destroyed!
Your wraith disappears in a puff of smoke!
The dread lich gestures wildly while chanting.
Send 'em back where they came from!
Your wraith disappears in a puff of smoke!
Your phantasmal warrior disappears in a puff of smoke!
The purple draconian shifter casts a spell.
The purple draconian shifter blinks!
The dread lich mumbles some strange words.
The dread lich seems to speed up.
The curse toe gestures.
The purple draconian shifter casts a spell.
The purple draconian shifter blinks!
The wandering mushroom releases spores at you.
* * * LOW HITPOINT WARNING * * *
The wandering mushroom releases spores at you but does no damage.
The purple draconian shifter casts a spell.
The purple draconian shifter blinks!
The wandering mushroom releases spores at you!
* * * LOW HITPOINT WARNING * * *
The wandering mushroom releases spores at you!
* * * LOW HITPOINT WARNING * * *
The electric golem crackles and sizzles.
The purple draconian shifter casts a spell.
The purple draconian shifter blinks!
The ancient lich touches you but does no damage.
The dread lich touches you!
You die...

,,, ,, , ,,, , ..##.q.# ,, , ,*
,,,..#.......,,* , ,* ** * ,
.###....... , , ### * ####...9#
,, **#...############.......# , #
#...#...########.......## ,.#
*##...#...########.z○°○§§####.##
, ...§..)......fLLf92.f§W........
,....§.)......f@*L11)f..§§......
**#...####...#####1..#f.§z§''''''
#..#####...#####...#.Wf1f+++++
*#..#############...#{.''''z+ +
.##..######...########..W+'1..∆+
.##..######...########..'+'.)°)+
.....######...########).'++[)}.+
...................†....'++)..[++
###..####.....##...###..'++++++++


You could see an orb of fire, a Hell Sentinel (summoned), an electric golem, an
ancient lich (fast, invisible, slow), 2 dread liches, an Ice Fiend (summoned), a
curse toe, an Executioner (summoned, fast), 6 wandering mushrooms and a hellion
(summoned).

Vanquished Creatures
  An ancient lich (Depths:2)
  2 Killer Klowns (Zot:1)
  Nikola (Shoals:4)
  A profane servitor (Crypt:3)
  A bone dragon (Crypt:3)
  2 doom hounds (Crypt:1)
  An electric golem (Zot:1)
  9 acid blobs (Slime:5)
  3 sphinxes (Tomb:1)
  A storm dragon (Zot:1)
  2 shadow dragons (Zot:1)
  8 rockslimes
  5 azure jellies
  A draconian knight (Zot:1)
  An orc warlord (Vaults:1)
  2 revenants (Tomb:1)
  A vault warden (Vaults:1)
  A deep elf elementalist (Depths:2)
  A draconian scorcher (Depths:4)
  A draconian annihilator (Depths:4)
  4 ghouls
  A draconian stormcaller (Zot:1)
  2 reapers
  An ironbound preserver (Vaults:2)
  A spriggan defender (Depths:1)
  2 stone giants (Depths:4)
  An ironbound thunderhulk (Vaults:2)
  8 quicksilver oozes
  6 very ugly things
  A black draconian (Zot:1)
  3 vampire knights
  A putrid mouth (Crypt:1)
  A red draconian (Zot:1)
  A white draconian (Depths:4)
  A yellow draconian (Zot:1)
  A purple draconian (Zot:1)
  A deep elf annihilator (Depths:2)
  A minotaur (Gauntlet)
  A deep elf death mage (Depths:2)
  An eidolon (Crypt:2)
  2 fire dragons
  An ettin (D:12)
  Josephine (D:13)
  11 jiangshi (Crypt:3)
  A fenstrider witch zombie (Tomb:1)
  2 great orbs of eyes (Slime:4)
  A rakshasa (Depths:1)
  3 ice dragons
  3 ogre magi
  A spriggan air mage (Depths:1)
  2 centaur warriors
  4 anacondas
  4 hydras
  6 naga warriors
  A satyr (Shoals:2)
  3 two-headed ogres
  3 deep troll earth magi
  2 vampire magi (Crypt:3)
  2 naga sharpshooters (Snake:4)
  7 dancing weapons
  A soul eater (Crypt:1)
  A spriggan berserker (Depths:3)
  2 hell knights (Depths:2)
  4 deep elf knights
  2 fire crabs (shapeshifter)
  2 shadow wraiths (Crypt:3)
  10 skeletal warriors
  A salamander mystic (Snake:3)
  An obsidian statue (Depths:3)
  2 sea snakes
  7 deep trolls
  A flayed ghost (Crypt:3)
  2 deep elf pyromancers (D:14)
  A phantasmal warrior (Crypt:1)
  4 wizards
  2 harpies
  A naga ritualist (Snake:4)
  A shadow dragon zombie (Crypt:2)
  2 deep elf archers
  A deep elf zephyrmancer (Elf:1)
  A mana viper (shapeshifter) (Vaults:1)
  4 mana vipers
  3 necromancers
  2 orc knights (Vaults:1)
  A faun (Shoals:2)
  2 manticores
  A spectral ettin (Crypt:3)
  7 ugly things
  3 salamanders
  13 black mambas
  2 guardian serpents (Snake:3)
  An ice statue (IceCv)
  A torpor snail (Lair:2)
  3 naga magi
  3 water nymphs (Shoals:4)
  5 cane toads
  4 elephants
  A dire elephant skeleton (Tomb:1)
  A centaur skeleton (Crypt:3)
  A smoke demon (Gauntlet)
  A black draconian zombie (Crypt:2)
  2 yaktaurs
  A rime drake (Lair:5)
  4 freezing wraiths
  2 komodo dragons (Lair:5)
  2 green draconian skeletons (Crypt:2)
  An anaconda simulacrum (IceCv)
  2 guardian mummies (Tomb:1)
  3 ice devils (IceCv)
  A troll (D:15)
  A merfolk (Shoals:2)
  A tyrant leech (Lair:5)
  15 slime creatures
  2 snapping turtles
  An alligator zombie (Crypt:2)
  4 blink frogs
  A dream sheep (Lair:5)
  3 raiju (Depths:3)
  A centaur simulacrum (Crypt:3)
  28 flying skulls (Crypt:3)
  3 air elementals (Depths:3)
  A shadow (Crypt:3)
  3 water elementals (Depths:4)
  3 ushabtiu (Tomb:1)
  8 yaks
  2 wyverns
  A hog (shapeshifter) (Depths:3)
  3 wraiths (Crypt:3)
  2 nameless horrors
  3 golden eyes
  A vampire (D:9)
  3 fire elementals
  A basilisk (Lair:4)
  A warg (D:15)
  2 harpy simulacra (IceCv)
  A large abomination (Crypt:3)
  4 nagas
  2 vampire mosquitoes
  An acid dragon (D:12)
  An acid dragon (shapeshifter) (Depths:3)
  A naga zombie (Tomb:1)
  2 hydra simulacra (IceCv)
  5 water moccasins
  3 orc warriors (Orc:2)
  2 centaurs
  2 ogres
  A centaur (shapeshifter) (D:12)
  A kobold brigand (D:13)
  4 bullfrogs
  A necrophage (Crypt:3)
  An earth elemental (Depths:3)
  A killer bee (D:8)
  2 howler monkeys (D:12)
  A shapeshifter skeleton (Crypt:1)
  A hound (D:5)
  An orc priest (Orc:2)
  3 orc wizards
  A hell rat (Lair:3)
  A small abomination (Crypt:3)
  A spriggan simulacrum (IceCv)
  A deep dwarf zombie (Crypt:2)
  A mummy (Tomb:1)
  2 gnolls
  2 adders
  7 orcs
  4 bats
  2 endoplasms (D:1)
  A giant cockroach (D:1)
  3 goblins
  2 hobgoblins
  A quokka (D:1)
  2 ball pythons
  A frilled lizard (D:3)
  A giant cockroach zombie (Crypt:1)
  A kobold (D:7)
  2 rats
  2 fire vortices (Lair:4)
443 creatures vanquished.

Vanquished Creatures (collateral kills)
  the Royal Jelly (Slime:5)
  An ancient lich (Crypt:1)
  A juggernaut (Depths:4)
  Boris (thrice) (Vaults:3 Depths:1 Tomb:1)
  3 royal mummies (Tomb:1)
  Vv (Crypt:1)
  Vashnia (Snake:4)
  Saint Roka (Orc:2)
  Jory (Crypt:3)
  the Enchantress (Depths:1)
  A doom hound (Crypt:1)
  3 tentacled monstrosities
  Grunn (Crypt:1)
  2 deep elf master archers (Elf:3)
  A quicksilver dragon (Depths:2)
  2 liches
  2 walking divine tomes
  2 titans
  2 deep elf blademasters (Elf:3)
  4 sphinxes
  Agnes (Snake:2)
  A sphinx (shapeshifter) (Depths:3)
  19 acid blobs
  4 ancient champions
  Polyphemus (Shoals:4)
  A tengu reaver (Depths:2)
  3 storm dragons
  A shadow dragon (Depths:4)
  A fenstrider witch (shapeshifter) (Depths:3)
  3 revenants
  4 nagarajas
  9 azure jellies
  9 rockslimes
  2 fire giants
  An orc warlord (Vaults:3)
  5 frost giants
  4 vault wardens
  Louise (Depths:2)
  3 deep elf sorcerers
  A draconian scorcher (Zot:1)
  Aizul (Shoals:1)
  4 deep elf elementalists (Elf:3)
  A draconian shifter (Zot:1)
  7 quicksilver oozes (Slime:5)
  A curse skull (Vaults:2)
  2 spriggan defenders (Depths:2)
  16 very ugly things
  7 ironbound preservers
  3 reapers (Crypt:1)
  2 ghouls (Crypt:1)
  7 vampire knights
  4 war gargoyles (Depths:3)
  3 ironbound thunderhulks
  2 green draconians
  7 stone giants
  3 deep elf demonologists (Elf:3)
  2 purple draconians
  The ghost of Seidenschwarz the Eclecticist, a journeyman DECj of Vehumet (Lair:4)
  2 white draconians (Zot:1)
  A black draconian (Zot:1)
  5 deep elf annihilators (Elf:3)
  A red draconian (Zot:1)
  6 dire elephants
  2 entropy weavers
  A yellow draconian (Depths:4)
  5 deep elf death magi
  3 ettins
  3 eidola
  9 jiangshi (Crypt:3)
  3 mummy priests (Tomb:1)
  4 merfolk javelineers
  4 fire dragons
  4 great orbs of eyes
  6 merfolk impalers (Shoals:4)
  The ghost of bmack86 the Cleaver, a journeyman MiFi of Okawaru (D:11)
  Fannar (D:10)
  A deep elf high priest (Elf:3)
  3 ice dragons
  4 salamander tyrants (Snake:4)
  3 yaktaur captains
  2 boulder beetles
  2 rakshasas
  6 hydras
  A hydra (shapeshifter) (Depths:3)
  3 vault guards
  3 merfolk aquamancers
  Erolcha (D:9)
  2 catoblepae
  5 merfolk avatars
  6 ironbound frosthearts
  An ogre mage (Volcano)
  2 death knights (Crypt:3)
  6 anacondas
  5 spriggan air magi
  2 deep troll earth magi
  Erica (D:10)
  2 satyrs
  3 alligator snapping turtles
  11 two-headed ogres
  16 centaur warriors
  A quicksilver ooze zombie (Crypt:2)
  3 vampire magi
  9 death yaks
  6 orc high priests
  9 naga warriors
  3 tengu warriors
  29 dancing weapons
  2 spriggan berserkers
  20 naga sharpshooters
  14 deep elf knights
  Sonja (Lair:1)
  2 salamander mystics (Snake:4)
  7 shock serpents
  An iron troll (Depths:2)
  5 hell knights
  15 skeletal warriors
  Nergalle (D:10)
  A soul eater (Crypt:1)
  A golden dragon zombie (Crypt:2)
  11 sea snakes
  5 flayed ghosts
  6 naga ritualists
  A goliath frog (Lair:5)
  Lodul (D:12)
  A deep troll (shapeshifter) (Depths:3)
  26 deep trolls
  A sea snake (shapeshifter) (Vaults:3)
  An orb spider (shapeshifter) (Elf:3)
  9 ironbound convokers
  5 glowing orange brains
  A kraken simulacrum (Shoals:4)
  2 obsidian statues (Depths:3)
  7 orc knights
  9 harpies
  An orange crystal statue (Depths:3)
  6 lindwurms
  6 wizards
  3 phantasmal warriors (Crypt:1)
  31 deep elf zephyrmancers
  11 deep elf archers
  2 necromancers (Depths:2)
  31 deep elf pyromancers
  4 orc sorcerers
  6 mana vipers
  45 ugly things
  17 fauns
  4 shining eyes (Slime:5)
  8 cyclopes
  20 manticores
  7 nameless horrors
  5 salamanders
  Joseph (D:9)
  Maurice (D:10)
  13 naga magi
  12 elephants
  25 black mambas
  7 vault sentinels
  3 eyes of devastation
  A moth of wrath (Zot:1)
  A guardian serpent (shapeshifter) (Depths:2)
  7 merfolk sirens
  A black mamba (shapeshifter) (Depths:3)
  A guardian serpent (Snake:4)
  2 gargoyles
  A torpor snail (Gauntlet)
  An ice statue (IceCv)
  3 molten gargoyles
  5 water nymphs
  A torpor snail (shapeshifter) (Depths:2)
  18 cane toads
  2 centaur skeletons (D:13)
  An unseen horror (D:12)
  A komodo dragon (shapeshifter) (Depths:3)
  7 yaktaurs
  2 unseen horrors (shapeshifter) (Depths:3)
  3 kobold demonologists
  Psyche (D:12)
  A tengu conjurer (D:14)
  13 komodo dragons
  A yaktaur (shapeshifter) (Depths:3)
  2 ice devils (IceCv)
  A rime drake (Lair:3)
  A sea snake zombie (Crypt:1)
  A red devil (Gauntlet)
  4 anaconda simulacra (IceCv)
  3 guardian mummies (Tomb:1)
  5 tormentors (Crypt:1)
  2 freezing wraiths (Crypt:1)
  3 polar bears (Lair:2)
  6 trolls
  15 merfolk
  2 sea snake skeletons (Crypt:1)
  52 slime creatures
  5 wind drakes
  2 tyrant leeches (Lair:5)
  A tyrant leech (shapeshifter) (Depths:3)
  16 blink frogs
  A hornet (D:9)
  7 snapping turtles
  A jumping spider (Vaults:3)
  13 dream sheep
  7 air elementals
  3 spriggans
  A culicivora (shapeshifter) (Depths:3)
  22 flying skulls (Crypt:3)
  2 shadows (Crypt:3)
  5 wyverns
  42 yaks
  A centaur simulacrum (D:14)
  A vampire (D:10)
  A yak (shapeshifter) (D:13)
  5 ushabtiu (Tomb:1)
  13 water elementals
  13 wraiths
  4 fire bats (Volcano)
  Eustachio (D:5)
  11 basilisks
  A death yak simulacrum (IceCv)
  A golden eye (Slime:2)
  A human (shapeshifter) (D:15)
  A large abomination (Crypt:3)
  7 fire elementals
  9 vampire mosquitoes
  2 steam dragons
  4 redbacks
  5 wargs
  Menkaure (D:7)
  A small abomination (Crypt:3)
  A harpy simulacrum (Crypt:3)
  An acid dragon (D:11)
  A hydra simulacrum (IceCv)
  48 nagas
  A floating eye (shapeshifter) (D:15)
  A swamp worm (shapeshifter) (Depths:3)
  14 water moccasins
  2 floating eyes
  32 orc warriors
  2 black bears
  14 ogres
  A lemure (D:5)
  5 wolves (Lair:4)
  4 boggarts
  3 centaurs
  3 kobold brigands
  3 gnoll sergeants
  12 bullfrogs
  A scorpion (D:4)
  8 earth elementals
  A two-headed ogre simulacrum (IceCv)
  5 necrophages
  9 killer bees
  An elephant simulacrum (IceCv)
  8 howler monkeys
  An electric eel (Lair:5)
  4 crimson imps (Gauntlet)
  6 lava snakes (Volcano)
  6 hounds
  4 jellies
  27 orc priests
  A gnoll bouda (D:8)
  Ijyb (D:5)
  21 orc wizards
  4 iguanas
  3 hell rats (Lair:3)
  A boggart skeleton (D:13)
  4 mummies (Tomb:1)
  12 gnolls
  2 adders
  A naga simulacrum (IceCv)
  2 shadow imps (D:7)
  A white imp (D:8)
  2 ufetubi
  2 worms
  78 orcs
  8 endoplasms
  2 giant cockroaches
  3 hobgoblins
  12 jackals
  10 kobolds
  3 quokkas (D:1)
  A ball python (D:3)
  A frilled lizard (D:3)
  A gnoll skeleton (Crypt:1)
  4 goblins
  2 rats
  A rat zombie (Crypt:1)
  A fire vortex (Lair:4)
  A tentacle (Shoals:4)
1614 creatures vanquished.

Vanquished Creatures (others)
  Frances (D:12)
  The ghost of nroviw the Severer, a journeyman MiBe of Trog (D:11)
  The ghost of Wiggles the Severer, a journeyman MiBe of Trog (D:11)
  A two-headed ogre (D:10)
  A deep elf knight (Elf:1)
  2 wizards
  Pikel (D:5)
  A manticore (D:11)
  An ugly thing (D:15)
  A kobold demonologist (D:12)
  A yaktaur (D:13)
  4 water elementals (Depths:3)
  2 yaks
  2 vampire mosquitoes
  2 ogres (D:12)
  2 kobold brigands (D:12)
  Blork the orc (D:5)
  A boggart skeleton (D:13)
  5 gnolls
  A kobold (D:7)
  13 ball lightnings (Depths:3)
  2 demonic plants (Gauntlet)
  38 fungi
  226 plants
  3 tentacles (Shoals:4)
  8 withered plants
322 creatures vanquished.

Grand Total: 2379 creatures vanquished

Notes
Turn   | Place    | Note
-------+----------+-------------------------------------------
     0 | D:1      | javelincjr the Gnoll Summoner began the quest for the Orb.
     0 | D:1      | Reached XP level 1. HP: 13/13 MP: 6/6
   497 | D:1      | Reached XP level 2. HP: 19/19 MP: 4/7
   500 | D:1      | Learned a level 2 spell: Call Imp
   909 | D:1      | Found a faded altar of an unknown god.
   921 | D:1      | Prayed at the altar of an unknown god.
   921 | D:1      | Became a worshipper of Ashenzari the Shackled
  1329 | D:2      | Reached skill level 5 in Spellcasting
  1329 | D:2      | Reached XP level 3. HP: 25/25 MP: 2/9
  1333 | D:2      | Learned a level 3 spell: Call Canine Familiar
  1337 | D:2      | Learned a level 3 spell: Summon Guardian Golem
  1427 | D:2      | Reached skill level 1 in Invocations
  1589 | D:2      | Reached * piety under Ashenzari
  1660 | D:2      | Gained mutation: You are strong-willed. (Will+) [potion of
                  | mutation]
  1660 | D:2      | Gained mutation: You occasionally lose the ability to read
                  | scrolls when taking damage. [potion of mutation]
  1660 | D:2      | Gained mutation: Armour fits poorly on your strangely
                  | shaped body. [potion of mutation]
  2102 | D:3      | Reached skill level 1 in Fighting
  2102 | D:3      | Reached skill level 1 in Short Blades
  2102 | D:3      | Reached skill level 1 in Long Blades
  2102 | D:3      | Reached skill level 1 in Axes
  2102 | D:3      | Reached skill level 1 in Maces & Flails
  2102 | D:3      | Reached skill level 1 in Polearms
  2102 | D:3      | Reached skill level 1 in Staves
  2102 | D:3      | Reached skill level 1 in Ranged Weapons
  2102 | D:3      | Reached skill level 1 in Throwing
  2102 | D:3      | Reached skill level 1 in Armour
  2102 | D:3      | Reached skill level 1 in Shields
  2102 | D:3      | Reached skill level 1 in Unarmed Combat
  2102 | D:3      | Reached skill level 1 in Evocations
  2341 | D:3      | Reached ** piety under Ashenzari
  2562 | D:3      | Identified the +1 leather armour "Mushrizou" {rF+ Int-5
                  | Dex+4}
  2614 | D:3      | Reached XP level 4. HP: 30/32 MP: 2/11
  2624 | D:3      | Learned a level 4 spell: Summon Lightning Spire
  2804 | D:3      | Reached skill level 1 in Conjurations
  2804 | D:3      | Reached skill level 1 in Hexes
  2804 | D:3      | Reached skill level 1 in Necromancy
  2804 | D:3      | Reached skill level 1 in Translocations
  2804 | D:3      | Reached skill level 1 in Transmutations
  2804 | D:3      | Reached skill level 1 in Fire Magic
  2804 | D:3      | Reached skill level 1 in Ice Magic
  2804 | D:3      | Reached skill level 1 in Air Magic
  2804 | D:3      | Reached skill level 1 in Earth Magic
  2804 | D:3      | Reached skill level 1 in Poison Magic
  2904 | D:3      | Lost mutation: You are strong-willed. (Will+) [potion of
                  | mutation]
  2904 | D:3      | Lost mutation: You occasionally lose the ability to read
                  | scrolls when taking damage. [potion of mutation]
  2904 | D:3      | Lost mutation: Armour fits poorly on your strangely shaped
                  | body. [potion of mutation]
  2904 | D:3      | Gained mutation: Your spells are a little easier to cast,
                  | but a little less powerful. [potion of mutation]
  3382 | D:4      | Reached XP level 5. HP: 37/37 MP: 5/12
  3545 | D:4      | Identified a scroll of acquirement
  4052 | D:4      | Reached XP level 6. HP: 44/44 MP: 7/13
  4355 | D:5      | Entered Level 5 of the Dungeon
  4513 | D:5      | Reached skill level 5 in Dodging
  4539 | D:5      | Noticed Blork the orc
  4554 | D:5      | Killed Blork the orc
  4555 | D:5      | Reached skill level 2 in Ranged Weapons
  4670 | D:5      | Reached XP level 7. HP: 51/51 MP: 11/15
  4934 | D:5      | Reached skill level 5 in Stealth
  4998 | D:5      | Noticed Pikel
  5005 | D:5      | Killed Pikel
  5006 | D:5      | Reached skill level 3 in Ranged Weapons
  5006 | D:5      | Reached XP level 8. HP: 58/58 MP: 5/17
  5209 | D:5      | Noticed Eustachio
  5258 | D:5      | Killed Eustachio
  5261 | D:5      | Lost mutation: Your spells are a little easier to cast, but
                  | a little less powerful. [potion of mutation]
  5261 | D:5      | Gained mutation: You passively map a small area around you.
                  | [potion of mutation]
  5261 | D:5      | Gained mutation: Your body sometimes deteriorates upon
                  | taking damage. [potion of mutation]
  5261 | D:5      | Gained mutation: Your flesh is cold resistant. (rC+)
                  | [potion of mutation]
  5479 | D:5      | Noticed Ijyb
  5486 | D:5      | Killed Ijyb
  5496 | D:5      | Lost mutation: You passively map a small area around you.
                  | [potion of mutation]
  5496 | D:5      | Lost mutation: Your body sometimes deteriorates upon taking
                  | damage. [potion of mutation]
  5496 | D:5      | Lost mutation: Your flesh is cold resistant. (rC+) [potion
                  | of mutation]
  5496 | D:5      | Gained mutation: Your spells are a little harder to cast,
                  | but a little more powerful. [potion of mutation]
  5496 | D:5      | Gained mutation: You are dopey. (Int -2) [potion of
                  | mutation]
  5496 | D:5      | Gained mutation: You have large cloven feet. [potion of
                  | mutation]
  5497 | D:5      | Lost mutation: You have large cloven feet. [potion of
                  | mutation]
  5497 | D:5      | Lost mutation: You are dopey. (Int -2) [potion of mutation]
  5497 | D:5      | Gained mutation: You have a pair of small antennae on your
                  | head. [potion of mutation]
  5497 | D:5      | Gained mutation: You passively dampen the noise of your
                  | surroundings. [potion of mutation]
  5497 | D:5      | Gained mutation: You occasionally shout uncontrollably at
                  | your foes. [potion of mutation]
  5596 | D:6      | Found Lytsacug's Armour Emporium.
  5601 | D:6      | Bought a +2 pair of gloves for 198 gold pieces
  5822 | D:6      | Identified the +1 chain mail "Put-Me-On" {Dex+5}
  5892 | D:6      | Reached *** piety under Ashenzari
  5896 | D:6      | Reached XP level 9. HP: 68/68 MP: 12/21
  6137 | D:7      | Noticed Menkaure
  6146 | D:7      | Killed Menkaure
  6147 | D:7      | Reached skill level 4 in Ranged Weapons
  6642 | D:7      | Found a staircase to the Ecumenical Temple.
  6649 | Temple   | Entered the Ecumenical Temple
  6676 | Temple   | Found a transporter.
  6676 | Temple   | Found a transporter.
  6678 | Temple   | Found a transporter.
  6678 | Temple   | Found a transporter.
  6711 | Temple   | Acquired the ring "Quomeray" {MP+9 Int+9 Dex+6 Slay-4}
  6845 | D:7      | Reached **** piety under Ashenzari
  7153 | D:7      | Noticed a gargoyle
  7165 | D:7      | Killed a gargoyle
  7166 | D:7      | Reached skill level 5 in Invocations
  7607 | D:8      | Found an ornate altar of the Wu Jian Council.
  7721 | D:8      | Reached skill level 5 in Fighting
  7721 | D:8      | Reached skill level 5 in Short Blades
  7721 | D:8      | Reached skill level 5 in Long Blades
  7721 | D:8      | Reached skill level 5 in Axes
  7721 | D:8      | Reached skill level 5 in Maces & Flails
  7721 | D:8      | Reached skill level 5 in Polearms
  7721 | D:8      | Reached skill level 5 in Staves
  7721 | D:8      | Reached skill level 5 in Ranged Weapons
  7721 | D:8      | Reached skill level 5 in Throwing
  7721 | D:8      | Reached skill level 5 in Armour
  7721 | D:8      | Reached skill level 5 in Shields
  7721 | D:8      | Reached skill level 5 in Unarmed Combat
  7721 | D:8      | Reached skill level 5 in Evocations
  7721 | D:8      | Reached XP level 10. HP: 70/77 MP: 23/23
  8255 | D:8      | Found a radiant altar of Vehumet.
  8678 | D:9      | Reached ***** piety under Ashenzari
  8738 | D:9      | Noticed a two-headed ogre
  8744 | D:9      | Killed a two-headed ogre
  8869 | D:9      | Noticed a centaur warrior
  8873 | D:9      | Killed a centaur warrior
  9146 | D:9      | Reached skill level 6 in Ranged Weapons
  9188 | D:9      | Found an ancient bone altar of Kikubaaqudgha.
  9202 | D:9      | Reached skill level 5 in Conjurations
  9202 | D:9      | Reached skill level 5 in Hexes
  9202 | D:9      | Reached skill level 5 in Necromancy
  9202 | D:9      | Reached skill level 5 in Translocations
  9202 | D:9      | Reached skill level 5 in Transmutations
  9202 | D:9      | Reached skill level 5 in Fire Magic
  9202 | D:9      | Reached skill level 5 in Ice Magic
  9202 | D:9      | Reached skill level 5 in Air Magic
  9202 | D:9      | Reached skill level 5 in Earth Magic
  9202 | D:9      | Reached skill level 5 in Poison Magic
  9235 | D:9      | Reached XP level 11. HP: 87/87 MP: 25/25
  9301 | D:9      | Found a staircase to the Lair.
  9592 | D:9      | Found a staircase to the Orcish Mines.
  9708 | D:9      | Noticed Joseph
  9735 | D:9      | Killed Joseph
  9911 | D:9      | Noticed Erolcha
  9922 | D:9      | Killed Erolcha
 10063 | D:10     | Entered Level 10 of the Dungeon
 10065 | D:10     | Noticed a two-headed ogre
 10080 | D:10     | Killed a two-headed ogre
 10144 | D:10     | Noticed Maurice
 10163 | D:10     | Killed Maurice
 10257 | D:10     | Noticed a deep elf knight
 10263 | D:10     | Killed a deep elf knight
 10266 | D:10     | Noticed a deep elf knight
 10267 | D:10     | Noticed a wizard
 10278 | D:10     | Noticed Erica
 10283 | D:10     | Killed a deep elf knight
 10284 | D:10     | Killed Erica
 10285 | D:10     | Reached skill level 7 in Ranged Weapons
 10288 | D:10     | Noticed a +10 long sword
 10292 | D:10     | Killed a wizard
 10486 | D:10     | Reached XP level 12. HP: 83/96 MP: 27/27
 10550 | D:10     | Noticed a two-headed ogre
 10572 | D:10     | Noticed a two-headed ogre
 10581 | D:10     | Killed a two-headed ogre
 10810 | D:10     | Noticed Nergalle
 10811 | D:10     | Noticed Fannar
 10887 | D:10     | Killed Nergalle
 10913 | D:10     | Killed Fannar
 11208 | D:10     | Killed a two-headed ogre
 11335 | D:11     | Found a runed translucent gate.
 11335 | D:11     | Found a runed translucent gate.
 11335 | D:11     | Found a runed translucent gate.
 11339 | D:11     | Noticed bmack86's ghost (journeyman MiFi)
 11339 | D:11     | Noticed Wiggles's ghost (journeyman MiBe)
 11340 | D:11     | Noticed nroviw's ghost (journeyman MiBe)
 11972 | D:11     | Noticed a five-headed hydra
 11984 | D:11     | Killed a five-headed hydra
 12626 | D:11     | Killed nroviw's ghost
 12634 | D:11     | Killed Wiggles's ghost
 12672 | D:11     | Killed bmack86's ghost
 13150 | D:12     | Learned a level 5 spell: Iskenderun's Battlesphere
 13157 | D:12     | Learned a level 6 spell: Iron Shot
 13374 | D:12     | Noticed Lodul
 13421 | D:12     | Killed Lodul
 13424 | D:12     | Reached skill level 8 in Ranged Weapons
 13637 | D:12     | Reached XP level 13. HP: 104/104 MP: 28/28
 13645 | D:12     | Learned a level 7 spell: Spellforged Servitor
 13816 | D:12     | Noticed Psyche
 13833 | D:12     | Killed Psyche
 13963 | D:12     | Reached skill level 10 in Summonings
 14066 | D:12     | Noticed Frances
 14089 | D:12     | Killed Frances
 14091 | D:12     | Lost mutation: You occasionally shout uncontrollably at
                  | your foes. [potion of mutation]
 14091 | D:12     | Lost mutation: You have a pair of small antennae on your
                  | head. [potion of mutation]
 14091 | D:12     | Lost mutation: Your spells are a little harder to cast, but
                  | a little more powerful. [potion of mutation]
 14091 | D:12     | Gained mutation: Your body sometimes deteriorates upon
                  | taking damage. [potion of mutation]
 14092 | D:12     | Lost mutation: Your body sometimes deteriorates upon taking
                  | damage. [potion of mutation]
 14092 | D:12     | Lost mutation: You passively dampen the noise of your
                  | surroundings. [potion of mutation]
 14092 | D:12     | Gained mutation: You are occasionally teleported next to
                  | monsters. [potion of mutation]
 14092 | D:12     | Gained mutation: You are partially covered in iridescent
                  | scales. (AC +2) [potion of mutation]
 14092 | D:12     | Gained mutation: Your flesh is heat resistant. (rF+)
                  | [potion of mutation]
 14092 | D:12     | Gained mutation: Your muscles are strong. (Str +4, Int/Dex
                  | -1) [potion of mutation]
 14093 | D:12     | Lost mutation: You are occasionally teleported next to
                  | monsters. [potion of mutation]
 14093 | D:12     | Lost mutation: You are partially covered in iridescent
                  | scales. (AC +2) [potion of mutation]
 14093 | D:12     | Lost mutation: Your muscles are strong. (Str +4, Int/Dex
                  | -1) [potion of mutation]
 14093 | D:12     | Gained mutation: Your flesh is cold resistant. (rC+)
                  | [potion of mutation]
 14093 | D:12     | Gained mutation: You expend magic power (3 MP) to
                  | strengthen your wands. [potion of mutation]
 14378 | D:12     | Noticed an ettin
 14391 | D:12     | Killed an ettin
 14654 | D:13     | Noticed Josephine
 14664 | D:13     | Killed Josephine
 14717 | D:12     | Reached skill level 10 in Spellcasting
 15001 | D:13     | Found a frozen archway.
 15009 | IceCv    | Entered an ice cave
 15665 | IceCv    | Reached skill level 10 in Dodging
 15693 | IceCv    | Noticed a reaper
 16292 | IceCv    | Killed a reaper
 16713 | D:13     | Reached skill level 9 in Ranged Weapons
 16767 | D:13     | Reached skill level 10 in Stealth
 17338 | D:13     | Reached skill level 10 in Invocations
 17338 | D:13     | Reached XP level 14. HP: 113/113 MP: 30/30
 17376 | D:13     | Found a gate to the Vaults.
 19562 | D:15     | Entered Level 15 of the Dungeon
 20302 | D:15     | Reached skill level 10 in Fighting
 20302 | D:15     | Reached skill level 10 in Short Blades
 20302 | D:15     | Reached skill level 10 in Long Blades
 20302 | D:15     | Reached skill level 10 in Axes
 20302 | D:15     | Reached skill level 10 in Maces & Flails
 20302 | D:15     | Reached skill level 10 in Polearms
 20302 | D:15     | Reached skill level 10 in Staves
 20302 | D:15     | Reached skill level 10 in Ranged Weapons
 20302 | D:15     | Reached skill level 10 in Throwing
 20302 | D:15     | Reached skill level 10 in Armour
 20302 | D:15     | Reached skill level 10 in Shields
 20302 | D:15     | Reached skill level 10 in Unarmed Combat
 20302 | D:15     | Reached skill level 10 in Evocations
 20514 | D:15     | Reached XP level 15. HP: 122/122 MP: 30/32
 20760 | D:15     | Found a sacrificial altar of Ru.
 20898 | D:15     | Identified the +1 chain mail of Horezio {Int+2 SInv}
 21191 | D:15     | Found a staircase to the Depths.
 21434 | Lair:1   | Entered Level 1 of the Lair of Beasts
 21435 | Lair:1   | Identified the +8 quarterstaff of Ymuise {drain, Int+5}
 22041 | Lair:1   | Identified the +6 chain mail of Oten {Will++ Str+6 Dex-5}
 22429 | Lair:1   | Noticed Sonja
 22429 | Lair:1   | Killed Sonja
 23469 | Lair:2   | Found a staircase to the Shoals.
 24467 | Lair:3   | Found a dark tunnel.
 24546 | Lair:3   | Found a gate leading to a gauntlet.
 24554 | Gauntlet | Entered a Gauntlet
 24554 | Gauntlet | Found a transporter.
 24554 | Gauntlet | Found a transporter.
 24568 | Gauntlet | Found a transporter.
 24579 | Gauntlet | Found a transporter.
 24597 | Gauntlet | Found a transporter.
 24610 | Gauntlet | Found a transporter.
 24628 | Gauntlet | Identified the +0 helmet "Mitzeh" {Rampage rPois Dex-2}
 24629 | Gauntlet | Found a transporter.
 24703 | Gauntlet | Found a transporter.
 24718 | Gauntlet | Found a transporter.
 24735 | Gauntlet | Found a transporter.
 24747 | Gauntlet | Found a transporter.
 24767 | Gauntlet | Found a transporter.
 24837 | Gauntlet | Found a transporter.
 24932 | Gauntlet | Identified the +7 hand axe of Funun {venom, rPois Will++
                  | rCorr Str-4}
 24933 | Gauntlet | Identified the ring "Wetu Zye" {rF+ rC+}
 24934 | Gauntlet | Found a transporter.
 25018 | Gauntlet | Identified the ring of Ezympaif {rCorr Dex+2 SInv}
 25072 | Gauntlet | Identified the ring "Jehemuy" {rC+ Int+3 Dex+6}
 25088 | Gauntlet | Reached XP level 16. HP: 116/134 MP: 12/35
 25088 | Gauntlet | Identified the ring of Mistrust {rN+ Int+6}
 25088 | Gauntlet | Identified the Spellbook of Permutations
 25153 | Volcano  | Entered a volcano
 25421 | Volcano  | Reached skill level 11 in Ranged Weapons
 25443 | Volcano  | Found a burning altar of Makhleb.
 25868 | Lair:3   | Found a staircase to the Snake Pit.
 26330 | Lair:3   | Identified the +5 shortbow of Siylut {flame, rF+ Will+}
 27191 | Lair:4   | Found a runed translucent gate.
 27191 | Lair:4   | Found a runed translucent gate.
 27587 | Lair:4   | Noticed Seidenschwarz's ghost (journeyman DECj)
 27588 | Lair:4   | Found a runed translucent gate.
 27781 | Lair:4   | Killed Seidenschwarz's ghost
 28199 | Lair:5   | Entered Level 5 of the Lair of Beasts
 28427 | Lair:5   | Reached skill level 10 in Transmutations
 28534 | Lair:5   | Found a staircase to the Slime Pits.
 28867 | Lair:5   | Reached skill level 10 in Air Magic
 29226 | Lair:5   | Identified the +1 plate armour "Xaynimeph" {Fly Dex+4}
 29259 | Lair:5   | Learned a level 7 spell: Monstrous Menagerie
 29765 | Shoals:1 | Entered Level 1 of the Shoals
 30561 | Shoals:1 | Noticed Aizul
 30568 | Shoals:1 | Killed Aizul
 30569 | Shoals:1 | Reached XP level 17. HP: 142/142 MP: 28/37
 30963 | Shoals:2 | Reached skill level 10 in Conjurations
 30963 | Shoals:2 | Reached skill level 10 in Hexes
 30963 | Shoals:2 | Reached skill level 10 in Necromancy
 30963 | Shoals:2 | Reached skill level 10 in Translocations
 30963 | Shoals:2 | Reached skill level 10 in Fire Magic
 30963 | Shoals:2 | Reached skill level 10 in Ice Magic
 30963 | Shoals:2 | Reached skill level 10 in Earth Magic
 30963 | Shoals:2 | Reached skill level 10 in Poison Magic
 31908 | Shoals:2 | Reached skill level 12 in Ranged Weapons
 32483 | Shoals:3 | Found Anuutit's Firing Range.
 32769 | Shoals:3 | Learned a level 8 spell: Lehudib's Crystal Spear
 33747 | Shoals:4 | Entered Level 4 of the Shoals
 33747 | Shoals:4 | Noticed Nikola
 33754 | Shoals:4 | Killed Nikola
 34161 | Shoals:4 | Noticed Polyphemus
 34168 | Shoals:4 | Killed Polyphemus
 34659 | Shoals:4 | Reached XP level 18. HP: 151/151 MP: 7/38
 34861 | Shoals:4 | Got a barnacled rune of Zot
 35011 | Shoals:4 | Identified Oresy's Dissertation on Glacial Shifting
 35592 | Shoals:4 | Found Tahiha's Antique Armour Boutique.
 35963 | Shoals:4 | Identified the +5 scimitar of Owegras {elec, +Blink}
 36144 | Shoals:4 | Reached ****** piety under Ashenzari
 36230 | Shoals:4 | Identified the +1 leather armour of Noypsyu {Fly rPois
                  | rCorr MP-9}
 36672 | Orc:1    | Entered Level 1 of the Orcish Mines
 36762 | Orc:2    | Entered Level 2 of the Orcish Mines
 36908 | Orc:2    | Found Ikhly's Antique Weapon Boutique.
 37327 | Orc:2    | Found Fuan's Assorted Antiques.
 37347 | Orc:2    | Noticed Saint Roka
 37358 | Orc:2    | Reached skill level 13 in Ranged Weapons
 37376 | Orc:2    | Killed Saint Roka
 37603 | Orc:2    | Bought a scroll labelled VIJYEC YMM for 30 gold pieces
 37790 | Orc:2    | Found a staircase to the Elven Halls.
 37945 | Orc:2    | Found Ymiunk's Antique Armour Shoppe.
 38231 | Orc:2    | Found Ozoagguffu's Antique Weapon Boutique.
 38328 | Orc:2    | Found Gitihiw's Antique Armour Shop.
 38595 | Elf:1    | Entered Level 1 of the Elven Halls
 39286 | Elf:1    | Identified Sif Muna's Directory of Supportive Conflict
 40428 | Elf:1    | Paralysed by an air elemental for 1 turns
 40808 | Elf:2    | Reached XP level 19. HP: 134/161 MP: 27/40
 41646 | Elf:2    | Reached skill level 14 in Ranged Weapons
 41840 | Elf:2    | Found a runed translucent gate.
 41842 | Elf:2    | Found a runed translucent gate.
 41843 | Elf:2    | Found a runed translucent gate.
 42498 | Elf:1    | Learned a level 7 spell: Haunt
 42991 | Elf:3    | Entered Level 3 of the Elven Halls
 43790 | Elf:3    | Identified the +9 hand axe of Nightmares {freeze, *Slow
                  | Str+5}
 44122 | Elf:3    | Identified the +11 scimitar of Gallantry {spect, Fragile
                  | rN+ Int+7}
 44122 | Elf:3    | Identified the ring "Icatar" {Fly rF- rN+ Dex+6}
 44567 | Elf:3    | Identified the +5 flail "Tijygokk" {vorpal, Will+ Int+2}
 44610 | Elf:3    | Identified the +6 war axe of the Original Sin {venom,
                  | Fragile rPois rC+ Dex+4}
 44891 | Elf:3    | Identified the amulet of Fragile Peace {Spirit rC+ Will-
                  | Str+9}
 44899 | Elf:3    | Reached skill level 15 in Invocations
 45096 | Elf:3    | Identified the Secrets of Singed Fascination
 45097 | Elf:3    | Identified the +0 pair of gloves "Goptibli" {Will+ Int+4}
 45107 | Elf:3    | Identified the +1 robe of Asceticism {rN++}
 45123 | Elf:3    | Identified the +3 quarterstaff of Inak {flame, rF++ Str+2
                  | Stlth+}
 45124 | Elf:3    | Identified Cuihoopt's Further Steps in Thaumaturgy
 45150 | Elf:3    | Identified the Volume of Reformation
 45594 | Snake:1  | Entered Level 1 of the Snake Pit
 45857 | Snake:1  | Found a glowing silver altar of Zin.
 46025 | Snake:1  | Reached skill level 15 in Ranged Weapons
 46934 | Snake:2  | Noticed Agnes
 46940 | Snake:2  | Killed Agnes
 47002 | Snake:2  | Reached XP level 20. HP: 166/166 MP: 29/41
 47236 | Snake:2  | Identified the +1 helmet "Resahaigeg" {rPois}
 47296 | Snake:2  | Found Huageamm's Assorted Antiques.
 47306 | Snake:2  | Found Gaissa's Armour Emporium.
 47944 | Snake:2  | Found a transporter.
 48546 | Snake:2  | Identified the ring "Xisueck" {Fire rElec Will+ Dex+7}
 48549 | Snake:2  | Found a transporter.
 48550 | Snake:2  | Identified the ring of Efann {Drain rF++ AC+4 Slay+3}
 48869 | Snake:3  | Found Zeor's Distillery.
 48874 | Snake:3  | Found Diti Pea's General Store.
 49279 | Snake:3  | Reached skill level 15 in Spellcasting
 49363 | Snake:3  | Found Sasuyla's Jewellery Boutique.
 49414 | Snake:3  | Found Zekestre's Weapon Emporium.
 50211 | Snake:4  | Entered Level 4 of the Snake Pit
 50523 | Snake:4  | Noticed Vashnia
 50538 | Snake:4  | Killed Vashnia
 50539 | Snake:4  | Reached skill level 15 in Dodging
 51083 | Snake:4  | Reached skill level 16 in Ranged Weapons
 51085 | Snake:4  | Reached skill level 15 in Short Blades
 51113 | Snake:4  | Learned a level 2 spell: Passwall
 51243 | Snake:4  | Reached skill level 15 in Stealth
 52440 | Snake:4  | Reached XP level 21. HP: 166/174 MP: 20/42
 52454 | Snake:4  | Got a serpentine rune of Zot
 52982 | Vaults:1 | Entered Level 1 of the Vaults
 53452 | Vaults:1 | Found Moill's Jewellery Shop.
 53756 | Vaults:1 | Reached skill level 15 in Transmutations
 54480 | Vaults:1 | Reached skill level 15 in Air Magic
 55226 | Vaults:1 | Identified the +6 broad axe "Killer Bee's Regret" {vorpal,
                  | rC+ rCorr SInv}
 55602 | Vaults:2 | Reached skill level 15 in Fighting
 55602 | Vaults:2 | Reached skill level 15 in Long Blades
 55602 | Vaults:2 | Reached skill level 15 in Axes
 55602 | Vaults:2 | Reached skill level 15 in Maces & Flails
 55602 | Vaults:2 | Reached skill level 15 in Polearms
 55602 | Vaults:2 | Reached skill level 15 in Staves
 55602 | Vaults:2 | Reached skill level 15 in Throwing
 55602 | Vaults:2 | Reached skill level 15 in Armour
 55602 | Vaults:2 | Reached skill level 15 in Shields
 55602 | Vaults:2 | Reached skill level 15 in Unarmed Combat
 55602 | Vaults:2 | Reached skill level 15 in Evocations
 55651 | Vaults:2 | Reached skill level 17 in Ranged Weapons
 55900 | Vaults:2 | Identified the ring of Thoughtfulness {rPois Str+2}
 56385 | Vaults:2 | Found a flickering gateway to a bazaar.
 56399 | Bazaar   | Entered a bazaar
 56399 | Bazaar   | Identified the +5 demon trident of Ahorch {drain, +Blink
                  | rPois Int+2}
 56399 | Bazaar   | Found Guimas's Armour Boutique.
 56399 | Bazaar   | Found Depuebi's Antique Armour Shop.
 56399 | Bazaar   | Found Raupt's Antique Weapon Shop.
 56485 | Vaults:2 | Learned a level 6 spell: Simulacrum
 57364 | Vaults:2 | Found a staircase to the Crypt.
 58395 | Crypt:1  | Entered Level 1 of the Crypt
 58395 | Crypt:1  | Noticed Vv
 58429 | Crypt:1  | Killed Vv
 58676 | Crypt:1  | Reached XP level 22. HP: 175/183 MP: 14/44
 58974 | Crypt:1  | Noticed Grunn
 59067 | Crypt:1  | Acquired a book of the Warp
 60093 | Vaults:3 | Noticed Margery
 60093 | Vaults:3 | Noticed Bai Suzhen
 60223 | Vaults:3 | Noticed Boris
 60242 | Vaults:3 | Killed Boris
 60728 | Depths:1 | Entered Level 1 of the Depths
 60731 | Depths:1 | Noticed Boris
 60737 | Depths:1 | Killed Boris
 61293 | Depths:1 | Found a sparkling altar of Nemelex Xobeh.
 61386 | Depths:1 | Reached skill level 18 in Ranged Weapons
 61398 | Depths:1 | Found a gateway to Hell.
 61896 | Depths:2 | Noticed Louise
 61900 | Depths:2 | Killed Louise
 62286 | Depths:2 | Found a one-way gate to the infinite horrors of the Abyss.
 62303 | Depths:2 | Found a one-way gate leading to the halls of Pandemonium.
 62359 | Depths:2 | Reached skill level 15 in Summonings
 62364 | Depths:2 | Noticed the Enchantress
 62582 | Depths:1 | Killed the Enchantress
 64180 | Depths:2 | Noticed an ancient lich
 64180 | Depths:2 | Identified the Codex of Dynamic Spellbinding
 64193 | Depths:2 | Learned a level 8 spell: Ignition
 64229 | Depths:2 | Killed an ancient lich
 64230 | Depths:2 | Reached XP level 23. HP: 105/190 MP: 2/45
 64628 | Depths:2 | Found a one-way gateway to a ziggurat.
 64711 | Depths:2 | Found Plog's Jewellery Shop.
 64712 | Depths:2 | Found Hugei's Jewellery Shop.
 64712 | Depths:2 | Found Ysche's Book Emporium.
 65188 | Depths:3 | Identified the -1 cloak "Juorumol" {rF- rN++ Will++}
 65262 | Depths:3 | Paralysed by an air elemental for 1 turns
 65524 | Depths:3 | Paralysed by an air elemental for 1 turns
 65551 | Depths:3 | Paralysed by an air elemental for 1 turns
 65822 | Depths:3 | Paralysed by an air elemental for 1 turns
 65827 | Depths:3 | Paralysed by an air elemental for 1 turns
 66031 | Depths:3 | Paralysed by an air elemental for 1 turns
 66277 | Depths:3 | Reached skill level 19 in Ranged Weapons
 67541 | Depths:3 | Noticed a caustic shrike
 67542 | Depths:3 | a caustic shrike changed into an iron giant
 67827 | Depths:3 | Identified the +6 war axe of the Abyss {freeze, Str+3
                  | Dex-3}
 67827 | Depths:3 | Found the ring of the Hare {EV+8}
 67888 | Depths:3 | Identified the ring "Veirung" {Fly rC+ Str+3}
 68175 | Depths:4 | Entered Level 4 of the Depths
 68548 | Depths:4 | Found a gate to the Realm of Zot.
 69082 | Depths:4 | Noticed a juggernaut
 69088 | Depths:4 | Found Fovyter's Specific Store.
 69088 | Depths:4 | Found Dyrenu Lic's General Store.
 69096 | Depths:4 | Bought a potion of heal wounds for 100 gold pieces
 69113 | Depths:4 | Killed a juggernaut
 70027 | Slime:1  | Entered Level 1 of the Pits of Slime
 71129 | Slime:4  | Reached XP level 24. HP: 197/199 MP: 26/46
 71439 | Slime:5  | Entered Level 5 of the Pits of Slime
 71649 | Slime:5  | Gained mutation: Your spells are a little easier to cast,
                  | but a little less powerful. [a shining eye]
 71651 | Slime:5  | Lost mutation: Your spells are a little easier to cast, but
                  | a little less powerful. [a shining eye]
 71740 | Slime:5  | Noticed the Royal Jelly
 72300 | Slime:5  | Identified Orekkuca's Spellbook of Shaping and Orientation
 72302 | Slime:5  | Identified the ring of the Jackalope {Wiz Slay+3}
 72302 | Slime:5  | Identified the +1 plate armour of the Ward {Dex+5}
 72303 | Slime:5  | Found a viscous altar of Jiyva.
 72303 | Slime:5  | Identified the +0 scale mail "Tuavyhiz" {Rampage}
 72303 | Slime:5  | Identified the +10 quarterstaff "Transmigrator" {freeze,
                  | rF+ rN+++ rCorr Int-2}
 72304 | Slime:5  | Identified the +0 pair of boots of the Volcano {rElec rPois
                  | rN++ Dex-3}
 72306 | Slime:5  | Identified the -1 pair of boots of the Clam {*Corrode Will+
                  | Str+4}
 72307 | Slime:5  | Identified the ring "Cuec" {rC+ Will- rCorr SInv}
 72307 | Slime:5  | Identified Ulleneut's Omnibus of Numb Spelunking
 72307 | Slime:5  | Identified the +6 morningstar of Pride {venom, rCorr Str+2}
 72608 | Slime:5  | Killed the Royal Jelly
 72609 | Slime:5  | Reached skill level 20 in Ranged Weapons
 73222 | Slime:5  | Got a slimy rune of Zot
 73932 | Crypt:1  | Killed Grunn
 74322 | Crypt:1  | Identified Powkat's Folio of the Blaze and Variation
 74381 | Crypt:1  | Noticed an ancient lich
 74391 | Crypt:1  | Killed an ancient lich
 75557 | Crypt:3  | Entered Level 3 of the Crypt
 75991 | Crypt:3  | Found a basalt altar of Yredelemnul.
 76056 | Crypt:3  | Identified the +10 plate armour of Lips {rN+ rCorr}
 76708 | Crypt:3  | Identified the Collected Works on Bewitching Superposition
 76716 | Crypt:3  | Found a staircase to the Tomb.
 76716 | Crypt:3  | Noticed Jory
 76719 | Crypt:3  | Reached XP level 25. HP: 201/201 MP: 27/44
 76724 | Crypt:3  | Killed Jory
 77203 | Tomb:1   | Entered Level 1 of the Tomb of the Ancients
 77241 | Tomb:1   | Noticed a royal mummy
 77258 | Tomb:1   | Noticed a royal mummy
 77262 | Tomb:1   | Noticed a royal mummy
 77283 | Tomb:1   | Identified the Writings on Evil
 77287 | Tomb:1   | Noticed Boris
 77292 | Tomb:1   | Killed Boris
 77306 | Tomb:1   | Noticed a royal mummy
 77378 | Tomb:1   | Paralysed by a sphinx for 4 turns
 77531 | Tomb:1   | Noticed a royal mummy
 77531 | Tomb:1   | Noticed a royal mummy
 77549 | Tomb:1   | Noticed a royal mummy
 77593 | Tomb:1   | Noticed a royal mummy
 77636 | Tomb:1   | Noticed a royal mummy
 77646 | Tomb:1   | Noticed a royal mummy
 77654 | Tomb:1   | Noticed a royal mummy
 77655 | Tomb:1   | Noticed a royal mummy
 77656 | Tomb:1   | Noticed a royal mummy
 77662 | Tomb:1   | Noticed a royal mummy
 77666 | Tomb:1   | Noticed a royal mummy
 77667 | Tomb:1   | Noticed a royal mummy
 77847 | Tomb:1   | Killed a royal mummy
 77895 | Tomb:1   | Killed a royal mummy
 77896 | Tomb:1   | Reached skill level 21 in Ranged Weapons
 78016 | Tomb:1   | Killed a royal mummy
 78778 | Zot:1    | Entered Level 1 of the Realm of Zot
 78780 | Zot:1    | Found a huge runed gate.
 78781 | Zot:1    | Found a huge runed gate.
 78781 | Zot:1    | Found a huge runed gate.
 78782 | Zot:1    | Found a huge runed gate.
 78782 | Zot:1    | Found a huge runed gate.
 78783 | Zot:1    | Found a huge runed gate.
 78783 | Zot:1    | Found a huge runed gate.
 78783 | Zot:1    | Found a huge runed gate.
 78783 | Zot:1    | Found a huge runed gate.
 78784 | Zot:1    | Found a huge runed gate.
 78785 | Zot:1    | Found a huge runed gate.
 78789 | Zot:1    | Found a huge runed gate.
 78790 | Zot:1    | Found a huge runed gate.
 78791 | Zot:1    | Found a huge runed gate.
 78935 | Zot:1    | Found a huge runed gate.
 79124 | Zot:1    | Found a huge runed gate.
 79124 | Zot:1    | Found a huge runed gate.
 79125 | Zot:1    | Found a huge runed gate.
 79125 | Zot:1    | Found a huge runed gate.
 79127 | Zot:1    | Found a huge runed gate.
 79127 | Zot:1    | Found a huge runed gate.
 79127 | Zot:1    | Found a huge runed gate.
 79145 | Zot:1    | Noticed an ancient lich
 79145 | Zot:1    | Noticed a dread lich
 79149 | Zot:1    | Noticed an orb of fire
 79150 | Zot:1    | Noticed a dread lich
 79150 | Zot:1    | Noticed a Killer Klown
 79150 | Zot:1    | Noticed a Killer Klown
 79152 | Zot:1    | Reached skill level 15 in Conjurations
 79152 | Zot:1    | Reached skill level 15 in Hexes
 79152 | Zot:1    | Reached skill level 15 in Necromancy
 79152 | Zot:1    | Reached skill level 15 in Translocations
 79152 | Zot:1    | Reached skill level 15 in Fire Magic
 79152 | Zot:1    | Reached skill level 15 in Ice Magic
 79152 | Zot:1    | Reached skill level 15 in Earth Magic
 79152 | Zot:1    | Reached skill level 15 in Poison Magic
 79152 | Zot:1    | Killed a Killer Klown
 79152 | Zot:1    | Killed a Killer Klown
 79166 | Zot:1    | HP: 10/200 [orb of fire/bolt of fire (19)]
 79170 | Zot:1    | HP: 1/200 [wandering mushroom[a curse toe] (6)]
 79171 | Zot:1    | Slain by a dread lich

Illustrated notes

Levels and vault maps discovered:
D:1:      spicycebolla_arrival_xxxplode, layout_basic,
          shapermc_ecumenical_altar_mp_urbaneastern, skrybe_limestone_x,
          amcnicky_mini_corridor_feature
D:2:      layout_loops_cross, nicolae_kite_square_tiling_tiny
D:3:      layout_basic
D:4:      layout_cave_pools
D:5:      layout_gridville, dreamdust_wishing_well, uniq_eustachio, uniq_pikel,
          uniq_ijyb, uniq_blork_the_orc
D:6:      layout_cave_pools, serial_shops, kennysheep_little_box
D:7:      layout_loops_cross, minmay_temple_entry_overgrown, uniq_menkaure
D:8:      layout_basic, vehumet_altar_wand_db, lemuel_crystal_altar,
          minmay_misc_feat_encased, hangedman_decor_peaks_small
D:9:      layout_basic, kiku_gazebo_garden_becter, minmay_lair_entry_grove,
          uniq_joseph, uniq_erolcha
D:10:     layout_stronghold, sword_in_stone, uniq_nergalle, uniq_maurice,
          uniq_fannar
D:11:     layout_gridville, gammafunk_ghost_cemetery, lemuel_nasty_fountain
D:12:     layout_stronghold, minmay_three_doors, uniq_psyche, uniq_frances,
          uniq_lodul
D:13:     layout_gridville, hangedman_vaults_entry_quadrant_bands,
          portal_ice_cave_entry_pillars_2, uniq_josephine
D:14:     layout_roguey, grunt_ministairs_7, hangedman_decor_slide_cut,
          minmay_quadrilaterals
D:15:     gammafunk_enter_depths_forms, layout_rooms,
          chequers_serial_rivers_room_a, nicolae_ru_sacrificial_ziggurat
Temple:   hellmonk_temple_divided_pantheon
Lair:1:   layout_layer_cave, uniq_sonja
Lair:2:   layout_roguey, elwin_shoals_entry_rocks, cheibrodos_lair_lostbears
Lair:3:   dreamdust_cave_troll, layout_cave_pods, dummy_snake_entry,
          nicolae_volcano_entry_lava_flow, gauntlet_entry_generic
Lair:4:   layout_long_grid, gammafunk_ghost_hydra_chop, beast_lair_carwin_4,
          grunt_megastairs_2, infiniplex_staircase_pool_2, lemuel_fruit_tree
Lair:5:   minmay_lair_end_frog_pond, layout_big_grid,
          nicolae_slime_entry_slimehenge, hangedman_lair_unloving_vines
Shoals:1: layout_shoals, nicolae_shoals_circle_sea_wall, uniq_aizul
Shoals:2: layout_shoals
Shoals:3: layout_shoals, nicolae_shop_firing_range
Shoals:4: shoals_end_grunt_ice, layout_shoals, serial_shops,
          nicolae_shop_advertising_works [nicolae_subvault_shop_adworks],
          uniq_nikola, uniq_polyphemus
Snake:1:  layout_gridlike, basic_altar, st_stairs_7,
          nicolae_coiled_stairwell_down, grunt_megastairs_4
Snake:2:  gammafunk_its_a_trap, layout_misc_corridors, minmay_shop_star,
          uniq_agnes
Snake:3:  layout_chambers, nicolae_snake_serpentine_bazaar
Snake:4:  minmay_snake_end_coiled, layout_misc_corridors, uniq_vashnia
Slime:1:  layout_caves, basic_altar
Slime:2:  layout_caves
Slime:3:  layout_caves
Slime:4:  layout_caves
Slime:5
Orc:1:    layout_diamond_mine
Orc:2:    grunt_orc_community_town_hall, layout_caves,
          grunt_orc_community_big_house_1, grunt_orc_community_big_house_1,
          grunt_orc_community_house_3, grunt_orc_community_house_3,
          grunt_orc_community_house_3, grunt_orc_community_house_3,
          grunt_orc_community_house_3, serial_shops,
          nicolae_shop_overgrown_old_shop
Elf:1:    elf_arrival_002, layout_gridlike, minmay_elf_sorcery,
          minmay_misc_feat_columns
Elf:2:    elven_hall_of_blades_hangedman_original [nicolae_blade_little_rooms],
          layout_onion_city
Elf:3:    elf_hall, layout_rooms, wad_dig_loot
Vaults:1: nicolae_vaults_mini_display_case, vaults_room_hallway,
          hangedman_vaults_cutoff, nicolae_vaults_big_angled_halls,
          nicolae_vaults_diagonal_hallway_7, dpeg_vaults_monster_row,
          v_alt_pattern_4, v_misc_22, hangedman_vaults_corner,
          nicolae_vaults_network_periphery, nicolae_vaults_ninety_degrees,
          layout_vaults_ring, serial_shops, shop
Vaults:2: vaults_dpeg_spiral, ontoclasm_vaults_misaligned,
          nicolae_vaults_little_squares_6, ontoclasm_vaults_ring_large,
          v_misc_16, hangedman_vaults_slice, v_misc_5,
          minmay_crypt_entry_simple_box, vaults_room_fours,
          nicolae_vaults_network_s, vaults_room_fours, v_misc_2,
          nicolae_vaults_little_squares_2, v_misc_19,
          nicolae_vaults_diagonal_hallway_6, layout_vaults_omnibox,
          serial_shops, bzr_entry_gold
Vaults:3: nicolae_vaults_twisting_passages, vaults_room_semicircle,
          ontoclasm_vaults_bender, ontoclasm_vaults_decontamination, v_rooms_6,
          nicolae_vaults_windows_and_doors_thing,
          nicolae_vaults_stairing_the_circle, v_misc_8,
          hangedman_vaults_restitches, v_rooms_3, vaults_room_octagon,
          vaults_dpeg_diagonal, layout_vaults_maze_bifur, uniq_mara,
          uniq_margery, uniq_boris, uniq_asterion, uniq_bai_suzhen
Crypt:1:  layout_chaotic_city, small_chamber_with_monster,
          grunt_crypt_arrival_split, uniq_grunn, uniq_vv
Crypt:2:  layout_chaotic_city, roderic_lattice_octagonal_star,
          lemuel_upstairs_altar
Crypt:3:  grunt_crypt_end_deaths_head
Tomb:1
Depths:1: layout_small_grid, nicolae_twisting_strands, hell_entry,
          nemelex_lonely_heart_becter
Depths:2: minmay_octo_star, layout_small_grid, enter_ziggurat_d, special_room
          [special_room_magic_class], hell_entry,
          nicolae_abyss_entry_one_way_or_another,
          chequers_serial_rivers_micro_d, pan_entry, minmay_shop_grove,
          uniq_enchantress
Depths:3: radiant_caverns_a_rkd, abyss_entry, pan_entry, hell_entry
Depths:4: evilmike_zot_entry_round, layout_basic, hell_entry,
          nicolae_specific_store, corexii_corridor_pit, hex_tiny,
          lightli_fourway_metalbox
Zot:1:    layout_misc_corridors, grunt_ministairs_8, door_vault

Skill      XL: |  1  2  3  4  5  6  7  8  9 10 11 12 13 14 15 16 17 18 19 20 21 22 23 24 25 |
---------------+----------------------------------------------------------------------------+-----
Spellcasting   | 5 6 7 8 9 10 11 12 13 14 15 16 17 18 | 18.2
Invocations    | 1 2 3 4 5 6 7 8 10 11 12 13 14 15 16 17 18 19 | 19.1
Fighting       | 1 2 3 5 6 7 8 9 10 11 12 13 14 15 16 17 | 17.6
Short Blades   | 1 2 3 5 6 7 8 9 10 11 12 13 14 15 16 17 18 20 | 20.6
Long Blades    | 1 2 3 5 6 7 8 9 10 11 12 13 14 15 16 17 | 17.6
Axes           | 1 2 3 5 6 7 8 9 10 11 12 13 14 15 16 17 | 17.6
Maces & Flails | 1 2 3 5 6 7 8 9 10 11 12 13 14 15 16 17 | 17.6
Polearms       | 1 2 3 5 6 7 8 9 10 11 12 13 14 15 16 17 | 17.6
Staves         | 1 2 3 5 6 7 8 9 10 11 12 13 14 15 16 17 | 17.6
Ranged Weapons | 1 2 3 5 6 7 8 9 10 11 12 13 15 16 17 18 19 20 21 | 21.2
Throwing       | 1 2 3 5 6 7 8 9 10 11 12 13 14 15 16 17 | 17.6
Armour         | 1 2 3 5 6 7 8 9 10 11 12 13 14 15 16 17 | 17.6
Shields        | 1 2 3 5 6 7 8 9 10 11 12 13 14 15 16 17 | 17.6
Unarmed Combat | 1 2 3 5 6 7 8 9 10 11 12 13 14 15 16 17 | 17.6
Evocations     | 1 2 3 5 6 7 8 9 10 11 12 13 14 15 16 17 | 17.6
Conjurations   | 1 2 3 4 5 6 7 8 9 10 11 12 13 14 15 | 15.0
Hexes          | 1 2 3 4 5 6 7 8 9 10 11 12 13 14 15 | 15.0
Necromancy     | 1 2 3 4 5 6 7 8 9 10 11 12 13 14 15 | 15.0
Translocations | 1 2 3 4 5 6 7 8 9 10 11 12 13 14 15 | 15.0
Transmutations | 1 2 3 4 5 6 7 8 9 10 11 12 13 14 15 16 17 18 | 18.8
Fire Magic     | 1 2 3 4 5 6 7 8 9 10 11 12 13 14 15 | 15.0
Ice Magic      | 1 2 3 4 5 6 7 8 9 10 11 12 13 14 15 | 15.0
Air Magic      | 1 2 3 4 5 6 7 8 9 10 11 12 13 14 15 16 17 18 | 18.7
Earth Magic    | 1 2 3 4 5 6 7 8 9 10 11 12 13 14 15 | 15.0
Poison Magic   | 1 2 3 4 5 6 7 8 9 10 11 12 13 14 15 | 15.0
Dodging        | 5 6 7 8 9 10 11 12 13 14 15 16 17 18 | 18.1
Stealth        | 5 6 7 8 9 10 11 12 13 14 15 16 17 18 | 18.0
Summonings     | 8 9 10 11 12 13 14 15 16 | 16.4

Action                   |  1- 3 |  4- 6 |  7- 9 | 10-12 | 13-15 | 16-18 | 19-21 | 22-24 | 25-27 || total
-------------------------+-------+-------+-------+-------+-------+-------+-------+-------+-------++-------
Melee: Short sword       |    73 |    15 |    87 |   139 |   212 |   201 |    28 |       |       ||   755
       Bite              |     6 |     1 |     7 |    33 |    52 |    36 |    42 |   109 |    15 ||   301
       Scimitar          |       |       |       |       |       |       |   171 |   517 |    81 ||   769
 Cast: Summon Small Mamm |    41 |    32 |    21 |    38 |     3 |     1 |     1 |       |       ||   137
       Call Imp          |     8 |    13 |    23 |    39 |    34 |    11 |     1 |       |       ||   129
       Call Canine Famil |     5 |    14 |    17 |    41 |    64 |    29 |     4 |       |       ||   174
       Summon Guardian G |       |     7 |    21 |    39 |    22 |       |       |       |       ||    89
       Summon Lightning  |       |     1 |     9 |    49 |    87 |    91 |    10 |       |     1 ||   248
       Iron Shot         |       |       |       |       |    93 |    75 |    17 |    23 |     5 ||   213
       Spellforged Servi |       |       |       |       |    61 |   129 |   111 |    86 |    22 ||   409
       Iskenderun's Batt |       |       |       |       |     2 |     1 |       |       |       ||     3
       Monstrous Menager |       |       |       |       |       |   169 |    62 |    10 |     1 ||   242
       Haunt             |       |       |       |       |       |       |   286 |   227 |    35 ||   548
       Simulacrum        |       |       |       |       |       |       |    15 |   136 |       ||   151
       Ignition          |       |       |       |       |       |       |       |     5 |     5 ||    10
       Lehudib's Crystal |       |       |       |       |       |       |       |     3 |     1 ||     4
Invok: Curse Item        |     3 |       |     4 |     2 |     1 |     4 |     1 |       |       ||    15
       Shatter the Chain |       |       |       |       |     2 |     2 |     1 |     2 |       ||     7
Evoke: Phantom mirror    |       |       |       |       |       |     1 |       |       |       ||     1
  Use: Potion            |     1 |     1 |     3 |       |     4 |       |       |     9 |     1 ||    19
       Scroll            |       |       |     1 |       |     4 |     2 |     4 |     7 |     3 ||    21
 Stab: Sleeping          |     4 |     2 |       |       |       |       |     3 |     6 |     3 ||    18
       Distracted        |       |       |     2 |     2 |     5 |     4 |     8 |    27 |     8 ||    56
       Paralysed         |       |       |       |       |       |     1 |       |       |       ||     1
Armor: Robe              |     1 |       |       |       |       |       |       |       |       ||     1
       Leather armour    |    15 |     5 |    20 |    15 |    37 |    23 |    10 |     4 |       ||   129
       Acid dragon scale |       |       |       |       |       |       |       |    72 |    32 ||   104
       Plate armour      |       |       |       |       |       |       |       |     2 |       ||     2
Dodge: Dodged            |    33 |    17 |    39 |    31 |   116 |   132 |    98 |   300 |    48 ||   814
Block: Kite shield       |       |       |    45 |   100 |   233 |   266 |   225 |   498 |    94 ||  1461
       Reflection        |       |       |     1 |    10 |    26 |    45 |    62 |    14 |     2 ||   160
       Tower shield      |       |       |       |       |    61 |       |       |       |       ||    61
